 Dungeon Crawl Stone Soup version 0.28.0-47-ge53b351184 (webtiles) character file.

Game seed: 639297726975746214

7202 Rolf the Cleaver (level 10, -5/86 HPs)
             Began as a Minotaur Fighter on Apr 26, 2022.
             Was an Elder of Cheibriados.
             Slain by a yak (13 damage)
             ... on level 9 of the Dungeon.
             The game lasted 00:51:12 (8547 turns).

Rolf the Cleaver (Minotaur Fighter)                 Turns: 8547, Time: 00:51:13

Health: -5/86      AC:  7    Str: 31    XL:     10   Next: 87%
Magic:  12/12      EV: 16    Int: 15    God:    Cheibriados [****..]
Gold:   442        SH:  0    Dex: 30    Spells: 8/11 levels left

rFire   x . .      SeeInvis .   x - +1 executioner's axe (vamp)
rCold   + + .      Faith    .   (shield currently unavailable)
rNeg    . . .      Spirit   .   r - +1 ring mail {rC+}
rPois   .          Reflect  .   (helmet restricted)
rElec   .          Harm     .   (no cloak)
rCorr   .          Rampage  .   (no gloves)
Will    .....                   (no boots)
Stlth   +++.......              t - amulet of regeneration
HPRegen 1.04/turn               l - ring of ice
MPRegen 0.13/turn               n - +6 ring of dexterity

@: very slow
A: horns 2, retaliatory headbutt
a: Renounce Religion, Bend Time, Temporal Distortion, Slouch


You were on level 9 of the Dungeon.
You worshipped Cheibriados.
Cheibriados was greatly pleased with you.
You visited 1 branch of the dungeon, and saw 10 of its levels.

You collected 442 gold pieces.

Inventory:

Hand Weapons
 q - a +0 hunting sling
 x - a +1 vampiric executioner's axe (weapon)
Missiles
 b - 3 throwing nets
 g - 81 sling bullets
 i - 5 atropa-tipped darts (quivered)
 m - 5 boomerangs
Armour
 c - a +0 buckler
 r - a +1 ring mail of cold resistance (worn)
Jewellery
 a - a ring of ice
 e - a +4 ring of protection
 l - a ring of ice (left hand)
 n - a +6 ring of dexterity (right hand)
 t - an amulet of regeneration (around neck)
 w - a ring of protection from fire
 A - a ring of resist corrosion
Wands
 d - a wand of digging (5)
 u - a wand of polymorph (8)
 y - a wand of acid (1)
Scrolls
 o - a scroll of amnesia
 p - a scroll of magic mapping
Potions
 f - 2 potions of magic {unknown}
 h - a potion of brilliance
 j - 3 potions of attraction
 k - 2 potions of flight
 v - a potion of mutation {unknown}
 z - a potion of resistance {unknown}


   Skills:
 * Level 7.1 Fighting
 * Level 11.0 Axes
 * Level 4.5 Throwing
 * Level 7.5 Armour
 * Level 5.2 Dodging
 * Level 4.4 Stealth
 - Level 7.1 Shields
 * Level 1.2 Spellcasting
 * Level 1.3 Ice Magic
 * Level 4.5 Invocations
 * Level 2.8 Evocations


You had 8 spell levels left.
You knew the following spells:

 Your Spells              Type           Power      Damage    Failure   Level
a - Frozen Ramparts       Ice            14%        1d3       50%         3

Your spell library contained the following spells:

 Spells                   Type           Power      Damage    Failure   Level
 Conjure Flame            Conj/Fire      0%         6-21      69%         3
 Ignite Poison            Fire/Tmut/Pois 0%         N/A       69%         3
 Ice Form                 Ice/Tmut       4%         N/A       94%         4
 Summon Ice Beast         Ice/Summ       4%         N/A       94%         4
 Sticky Flame             Conj/Fire      0%         2d3       97%         4
 Alistair's Intoxication  Tmut/Pois      0%         N/A       100%        5
 Borgnjor's Vile Clutch   Necr/Erth      0%         N/A       100%        5
 Eringya's Noxious Bog    Tmut/Pois      0%         N/A       100%        6


Dungeon Overview and Level Annotations

Branches:
Dungeon (10/15)            Temple (0/1) D:6
   Lair: D:8-11         Orc: D:9-12

Altars:
Cheibriados
Uskayaw
Yredelemnul


Innate Abilities, Weirdness & Mutations

You have a pair of horns on your head.
You reflexively headbutt those who attack you in melee.


Message History

The bolt of acid hits the yak!
The acid corrodes the yak!
The yak is severely wounded.
The bolt of acid misses the yak.
Aiming: Corrosive Bolt
Press: ? - help, Shift-Dir - straight line, f/p - yak
Aim: a yak (moderately wounded, covered in acid, 84% to hit)
The bolt of acid hits the yak!!
The yak seems to be corroded for longer.
The yak is almost dead.
The bolt of acid hits the yak!
The acid corrodes the yak!
The yak is moderately wounded.
The bolt of acid hits the yak!
The yak seems to be corroded for longer.
The yak is almost dead.
The bolt of acid hits the yak!
The acid corrodes the yak!
The yak is heavily wounded.
The yak gores you.
You hit the yak.
The yak is almost dead.
The yak gores you but does no damage. The yak misses you.
The yak closely misses you.
The yak is no longer covered in acid.
The yak is no longer covered in acid.
The yak gores you! The yak barely misses you. The yak gores you.
The yak gores you! The yak gores you. x2
* * * LOW HITPOINT WARNING * * *
The yak gores you but does no damage. The yak gores you.
* * * LOW HITPOINT WARNING * * *
The yak gores you!
* * * LOW HITPOINT WARNING * * *
The yak closely misses you.
The yak is no longer covered in acid.
The yak is no longer covered in acid.
The yak gores you but does no damage. The yak barely misses you.
You furiously retaliate!
You headbutt the yak. The yak gores you!
* * * LOW HITPOINT WARNING * * *
The yak gores you!
You die...

#....# #....# #....# #....#
#[...# #....# #....#
######################....#######
..............YY@................
..............YY.................
.............#######...##########
#########....# #...# #....# #...#
#########....# #...#
.............#######...#
.......................#
.......................#


You could see 4 yaks.

Vanquished Creatures
  A two-headed ogre (D:9)
  A manticore (D:7)
  A hornet (D:9)
  Grinder (D:4)
  A wraith (D:9)
  A wyvern (D:5)
  10 yaks
  Eustachio (D:4)
  Edmund (D:5)
  Duvessa (D:4)
  5 water moccasins
  An acid dragon (D:9)
  An orc warrior (D:8)
  A black bear (D:5)
  2 sky beasts
  2 necrophages
  An ogre (D:4)
  5 centaurs
  2 phantoms
  A bullfrog (D:7)
  A scorpion (D:6)
  Dowan (D:4)
  15 killer bees
  5 wights
  A howler monkey (D:10)
  A centaur zombie (D:9)
  2 bullfrog zombies
  A hound (D:7)
  3 jellies
  A bullfrog skeleton (D:5)
  6 orc priests
  2 centaur skeletons
  A scorpion zombie (D:5)
  4 orc wizards
  2 howler monkey zombies
  10 gnolls
  An adder (D:2)
  A white imp (D:7)
  2 ufetubi (D:5)
  An adder skeleton (D:4)
  3 worms
  2 dart slugs
  10 orcs
  2 bats
  8 endoplasms
  4 giant cockroaches
  4 hobgoblins
  3 quokkas
  8 ball pythons
  6 frilled lizards
  6 goblins
  12 kobolds
  6 rats
175 creatures vanquished.

Vanquished Creatures (collateral kills)
  An ice beast (D:5)
1 creature vanquished.

Vanquished Creatures (others)
  10 plants
10 creatures vanquished.

Grand Total: 186 creatures vanquished

Notes
Turn   | Place    | Note
-------+----------+-------------------------------------------
     0 | D:1      | Rolf the Minotaur Fighter began the quest for the Orb.
     0 | D:1      | Reached XP level 1. HP: 19/19 MP: 0/0
   160 | D:1      | Found a faded altar of an unknown god.
   170 | D:1      | Prayed at the altar of an unknown god.
   170 | D:1      | Became a worshipper of Cheibriados the Contemplative
   170 | D:1      | Reached * piety under Cheibriados
   367 | D:1      | Reached XP level 2. HP: 26/27 MP: 1/1
  1255 | D:2      | Reached XP level 3. HP: 33/33 MP: 2/2
  1375 | D:2      | Found a hide-covered altar of Uskayaw.
  1402 | D:2      | Reached ** piety under Cheibriados
  1459 | D:2      | Reached skill level 3 in Axes
  1463 | D:2      | Reached skill level 1 in Dodging
  1463 | D:2      | Reached XP level 4. HP: 18/40 MP: 3/3
  2471 | D:3      | Reached skill level 1 in Invocations
  2999 | D:4      | Noticed Eustachio
  3015 | D:4      | Killed Eustachio
  3016 | D:4      | Reached skill level 4 in Axes
  3016 | D:4      | Reached skill level 1 in Throwing
  3016 | D:4      | Reached skill level 1 in Stealth
  3016 | D:4      | Reached XP level 5. HP: 40/47 MP: 3/5
  3069 | D:4      | Noticed an ogre
  3079 | D:4      | Killed an ogre
  3080 | D:4      | Reached XP level 6. HP: 47/53 MP: 2/6
  3149 | D:4      | Reached skill level 5 in Armour
  3241 | D:4      | Noticed Duvessa
  3241 | D:4      | Noticed Dowan
  3250 | D:4      | Killed Duvessa
  3251 | D:4      | Reached skill level 5 in Axes
  3257 | D:4      | Killed Dowan
  3258 | D:4      | Reached XP level 7. HP: 57/60 MP: 4/7
  3435 | D:4      | Noticed Grinder
  3449 | D:4      | Killed Grinder
  3652 | D:4      | Reached skill level 6 in Axes
  3656 | D:4      | Reached *** piety under Cheibriados
  3873 | D:5      | Entered Level 5 of the Dungeon
  3904 | D:5      | Reached skill level 5 in Fighting
  3963 | D:5      | Noticed a wyvern
  3971 | D:5      | Killed a wyvern
  3972 | D:5      | Reached XP level 8. HP: 50/68 MP: 4/8
  4105 | D:5      | Reached skill level 5 in Shields
  4138 | D:5      | Reached skill level 7 in Axes
  4161 | D:5      | Reached skill level 8 in Axes
  4381 | D:5      | Noticed Edmund
  4389 | D:5      | Killed Edmund
  4485 | D:5      | Reached XP level 9. HP: 75/75 MP: 10/10
  4596 | D:5      | Found a basalt altar of Yredelemnul.
  5040 | D:6      | Found a staircase to the Ecumenical Temple.
  5051 | D:6      | Reached skill level 9 in Axes
  5776 | D:7      | Reached skill level 1 in Evocations
  5952 | D:7      | Noticed Harold
  5986 | D:8      | HP: 2/75 [water moccasin (3)]
  6039 | D:7      | Noticed Harold
  6039 | D:7      | Harold changed into Harold the manticore
  6049 | D:7      | Killed Harold the manticore
  6217 | D:7      | Reached skill level 10 in Axes
  6332 | D:7      | Reached **** piety under Cheibriados
  6333 | D:7      | Reached XP level 10. HP: 77/84 MP: 11/11
  7109 | D:8      | Learned a level 3 spell: Frozen Ramparts
  7688 | D:9      | Noticed a two-headed ogre
  7707 | D:9      | Killed a two-headed ogre
  7708 | D:9      | Reached skill level 5 in Dodging
  7737 | D:9      | Reached skill level 1 in Ice Magic
  7849 | D:9      | Identified a scroll of acquirement
  7850 | D:9      | Acquired a +1 vampiric executioner's axe
  7893 | D:9      | Reached skill level 1 in Spellcasting
  8493 | D:10     | Entered Level 10 of the Dungeon
  8511 | D:9      | Reached skill level 11 in Axes
  8547 | D:9      | Slain by a yak

Illustrated notes

Levels and vault maps discovered:
D:1:      minmay_arrival_widening_spiral_wide, layout_basic,
          shapermc_ecumenical_altar_starsandcircs,
          hangedman_abyss_or_decor_stabs, chequers_hall_statues_corner_a,
          lexackson_kobold_supper
D:2:      layout_basic, basic_altar
D:3:      layout_basic
D:4:      layout_loops_ring, uniq_duvessa, uniq_eustachio, uniq_grinder
D:5:      layout_basic, mainiacjoe_overflow_tiny_flanked,
          chequers_serial_rivers_micro_e, uniq_edmund
D:6:      layout_loops_cross, minmay_temple_entry_overgrown
D:7:      layout_loops_corners, eino_tiny_chamber, grunt_ministairs_4,
          uniq_harold
D:8:      layout_loops_ring
D:9:      layout_small_grid, minivault_10
D:10:     layout_small_grid, serial_shops, nicolae_lakefront_shop,
          minmay_misc_feat_iff, uniq_sonja, uniq_psyche

Skill      XL: |  1  2  3  4  5  6  7  8  9 10 |
---------------+-------------------------------+-----
Armour         | 4 5 6 7 |  7.5
Fighting       | 4 5 6 7 |  7.1
Axes           | 3 4 5 6 8 10 11 | 11.0
Dodging        | 1 2 3 4 5 |  5.2
Invocations    | 1 2 3 4 |  4.5
Shields        | 4 5 6 7 |  7.1
Throwing       | 1 2 3 4 |  4.5
Stealth        | 1 2 3 4 |  4.4
Evocations     | 1 2 |  2.8
Ice Magic      | 1 |  1.3
Spellcasting   | 1 |  1.2

Action                   |  1- 3 |  4- 6 |  7- 9 | 10-12 || total
-------------------------+-------+-------+-------+-------++-------
Melee: War axe           |    94 |    64 |   208 |    88 ||   454
       Headbutt          |    15 |     9 |    48 |    30 ||   102
       Executioner's axe |       |       |       |    31 ||    31
Throw: Dart              |    18 |    15 |     7 |    10 ||    50
       Boomerang         |       |       |    10 |       ||    10
       Throwing net      |       |       |       |     2 ||     2
Invok: Bend Time         |       |     2 |     7 |     4 ||    13
       Temporal Distorti |       |       |     1 |       ||     1
       Slouch            |       |       |       |     1 ||     1
Evoke: Wand              |       |       |     1 |     4 ||     5
  Use: Scroll            |     4 |     2 |     7 |     8 ||    21
       Potion            |       |       |     4 |     1 ||     5
 Stab: Invisible         |     1 |       |       |     1 ||     2
       Sleeping          |       |       |     9 |     4 ||    13
       Distracted        |       |       |     1 |       ||     1
       Held in net/web   |       |       |       |     3 ||     3
Armor: Scale mail        |    39 |    34 |       |       ||    73
       Robe              |       |       |    34 |       ||    34
       Ring mail         |       |       |    43 |    56 ||    99
Dodge: Dodged            |    62 |    34 |   143 |   141 ||   380
Block: Buckler           |    27 |    16 |    89 |    43 ||   175
